 Dungeon Crawl Stone Soup version 0.28-a0-206-gc2c9e32840 (webtiles) character file.

Game seed: 7419308037256476097

474 theanonym the Skirmisher (level 6, -1/55 HPs)
             Began as a Mummy Brigand on Aug 21, 2021.
             Was a Follower of Wu Jian.
             Splashed by a jelly's acid (7 damage)
             ... on level 4 of the Dungeon.
             The game lasted 00:05:10 (5206 turns).

theanonym the Skirmisher (Mummy Brigand)            Turns: 5206, Time: 00:05:11

Health: -1/55      AC: -3    Str: 17    XL:     6   Next: 84%
Magic:  0/6        EV:  6    Int: 10    God:    Wu Jian [*.....]
Gold:   195        SH:  0    Dex: 13    Spells: 5/5 levels left

rFire   x . .      SeeInvis .   l - +0 whip
rCold   + . .      Faith    .   (no shield)
rNeg    + + +      Spirit   +   m - +0 chain mail
rPois   ∞          Reflect  .   (no helmet)
rElec   .          Harm     .   c - +0 cloak
rCorr   .          Rampage  .   (no gloves)
Will    .....                   (no boots)
Stlth   ..........              b - amulet of guardian spirit
HPRegen 0.18/turn               (no ring)
MPRegen 0.10/turn               (no ring)

@: corroded
A: cold resistance 1, negative energy resistance 3, torment resistance 2, heat
vulnerability 1, no potions
a: Renounce Religion


Innate Abilities, Weirdness & Mutations

You are immune to poison.
Your flesh is cold resistant. (rC+)
You are immune to negative energy. (rN+++)
You are immune to unholy pain and torment.
You are vulnerable to heat. (rF-)
You do not drink.


   Skills:
 + Level 7.5 Fighting
 - Level 1.5 Short Blades
 * Level 0.0 Maces & Flails
 - Level 1.5 Throwing
 - Level 0.7 Dodging
 - Level 3.2 Stealth


You had 5 spell levels left.
You didn't know any spells.
Your spell library was empty.

Skill      XL: |  1  2  3  4  5  6 |
---------------+-------------------+-----
Fighting       | 3 4 5 6 7 |  7.5
Short Blades   | |  1.5
Throwing       | |  1.5
Dodging        | |  0.7
Stealth        | |  3.2

Action                   |  1- 3 |  4- 6 || total
-------------------------+-------+-------++-------
Melee: Dagger            |   107 |   173 ||   280
       Whip              |       |     8 ||     8
Throw: Dart              |    10 |    17 ||    27
  Use: Scroll            |     4 |       ||     4
 Stab: Sleeping          |     4 |       ||     4
       Distracted        |     1 |       ||     1
Armor: Robe              |     3 |       ||     3
       Leather armour    |    30 |       ||    30
       Chain mail        |     7 |    50 ||    57
Dodge: Dodged            |    54 |    30 ||    84

Inventory:

Hand Weapons
 l - a +0 whip (weapon)
Missiles
 d - 5 poisoned darts
 e - 5 curare-tipped darts (quivered)
 f - 6 datura-tipped darts
 j - 19 arrows
Armour
 c - a +0 cloak (worn)
 m - a +0 chain mail (worn)
Jewellery
 b - an amulet of guardian spirit (around neck)
 i - a ring of ice
Wands
 k - a wand of charming (4)
Scrolls
 g - a scroll of summoning
 h - 2 scrolls of enchant armour {unknown}


You were on level 4 of the Dungeon.
You worshipped Wu Jian.
Wu Jian was aware of your devotion.
You visited 1 branch of the dungeon, and saw 4 of its levels.
You also visited: Sewer.

You collected 195 gold pieces.

Dungeon Overview and Level Annotations

Branches:
Dungeon (4/15)              Sewer (visited)
 Temple: D:4-7

Altars:
Dithmenos
Hepliaklqana
Trog
Uskayaw
Wu Jian

Shops:
D:4

? . ∩. ######
..
#....####8##
#.........#
####........!#
#.....@J.....#
#............#
#..!.........#
#####........#
#........#
##.......#
#######..# #.#


You could see a jelly.

Notes
Turn   | Place    | Note
-------+----------+-------------------------------------------
     0 | D:1      | theanonym the Mummy Brigand began the quest for the Orb.
     0 | D:1      | Reached XP level 1. HP: 16/16 MP: 1/1
   425 | D:1      | Found a faded altar of an unknown god.
   581 | D:1      | Reached XP level 2. HP: 21/23 MP: 2/2
  1113 | D:2      | Reached skill level 3 in Fighting
  1263 | D:2      | Found a hide-covered altar of Uskayaw.
  1290 | D:2      | HP: 12/24 [adder (3)]
  1293 | D:2      | Reached XP level 3. HP: 13/29 MP: 3/3
  1521 | D:2      | HP: 14/30 [hobgoblin (4)]
  1526 | D:2      | HP: 12/30 [hobgoblin (1)]
  1531 | D:2      | HP: 12/30 [adder (1)]
  1535 | D:2      | Reached skill level 4 in Fighting
  2850 | D:3      | Found a glowing drain.
  2984 | Sewer    | Entered a sewer
  3014 | Sewer    | Reached XP level 4. HP: 34/38 MP: 4/4
  3053 | Sewer    | Noticed a kobold brigand
  3073 | Sewer    | Killed a kobold brigand
  3074 | Sewer    | Reached skill level 5 in Fighting
  3074 | Sewer    | Reached XP level 5. HP: 31/44 MP: 5/5
  3236 | Sewer    | Reached skill level 6 in Fighting
  3236 | Sewer    | Reached XP level 6. HP: 51/53 MP: 6/6
  3994 | Sewer    | Reached skill level 7 in Fighting
  4204 | D:3      | Found a bloodstained altar of Trog.
  4204 | D:3      | Found a shadowy altar of Dithmenos.
  5065 | D:3      | Noticed Jessica
  5085 | D:3      | Killed Jessica
  5098 | D:3      | Found a faded altar of an unknown god.
  5099 | D:3      | Found a hazy altar of Hepliaklqana.
  5108 | D:3      | Became a worshipper of the Wu Jian Council
  5108 | D:3      | Reached * piety under Wu Jian
  5196 | D:4      | Found Yttetteg's Magic Scroll Emporium.
  5203 | D:4      | HP: 24/55 [acid (4)]
  5205 | D:4      | HP: 8/55 [acid (4)]
  5206 | D:4      | Splashed by a jelly's acid

Vanquished Creatures
  4 kobold brigands (Sewer)
  Jessica (D:3)
  An iguana (D:3)
  7 adders
  2 river rats (Sewer)
  7 worms
  9 ball pythons
  2 bats (D:2)
  5 endoplasms
  A giant cockroach (D:2)
  3 goblins
  A hobgoblin (D:2)
  3 jackals (D:1)
  2 quokkas
  A frilled lizard (D:2)
  10 kobolds
  3 rats (Sewer)
62 creatures vanquished.

Table legend: (Time is in decaauts)
 A = Elapsed time spent in this place.
 B = Non-inter-level travel time spent in this place.
 C = Inter-level travel time spent in this place.
 D = Time resting spent in this place.
 E = Time spent auto-exploring this place.
 F = Levels seen in this place.
 G = Mean time per level.
                   A        B        C        D        E       F      G
               +--------+--------+--------+--------+--------+-----+--------+
         Total |   5342 |   4924 |    418 |   1123 |   3166 |   5 | 1068.4 |
       Dungeon |   4073 |   3655 |    418 |    790 |   2527 |   4 | 1018.2 |
         Sewer |   1269 |   1269 |      0 |    333 |    639 |   1 | 1269.0 |
               +--------+--------+--------+--------+--------+-----+--------+

Top non-repeatable levels by time:
     D:2: 1723 daAuts
     D:3: 1272 daAuts
   Sewer: 1269 daAuts
     D:1: 1066 daAuts
     D:4: 10 daAuts
